AoeStats
← pommesbudenhans6

Arabian Desert

509358105Analyzed
1v1 RM · 5d ago on Sep 26, 2026· 30m 15s· 2 players
Game mode
Random Map
Map size
Tiny (2 player)
Population
200
Speed
Normal
Resources
Standard
Victory
Conquest
Starting age
Dark Age
Ending age
Imperial Age
RankedLock teamsTeams togetherTeam positionsShared explorationLock speedFull tech treeHidden civsTurbo modeCheats
Victory
Defeat
🇩🇪 Cumans · Germany
985
+14
🇿🇦 Vikings · South Africa
948
-14
A_K_
4:29 Loom
11:32 Feudal Age
12:16 Double-Bit Axe
15:50 Gold Mining
17:53 Stone Mining
18:33 Man-at-Arms
25:59 Castle Age
pommesbudenhans6
8:03 Loom
10:06 Feudal Age
11:40 Double-Bit Axe
13:15 Horse Collar
14:56 Man-at-Arms
18:43 Scale Mail Armor
21:43 Gold Mining
27:36 Forging
29:39 Arson
Connection lost

Rejoining the realm…

Still unreachable

The connection could not be restored.

Session expired

The server has moved on; the page needs a fresh start.